 Dungeon Crawl Stone Soup version 0.29-a0-344-ge2f44be95a (webtiles) character file.

Game seed: 1168728622196554636

80 ImHallYall the Ducker (level 4, -2/30 (34) HPs)
             Began as a Demonspawn Gladiator on Apr 21, 2022.
             Was a Believer of Qazlal.
             Slain by a hell rat (6 damage)
             ... in a sewer.
             The game lasted 00:04:34 (2000 turns).

ImHallYall the Ducker (Demonspawn Gladiator)        Turns: 2000, Time: 00:04:35

HP:   -2/30 (34)    AC:  6    Str: 16    XL:     4   Next: 18%
MP:   4/4           EV: 12    Int:  9    God:    Qazlal [**....]
Gold: 107           SH:  2    Dex: 15    Spells: 3/3 levels left

rFire   . . .      SeeInvis .   f - +0 short sword (elec)
rCold   . . .      Faith    .   (no shield)
rNeg    . . .      Spirit   .   m - +0 ring mail
rPois   .          Reflect  .   c - +0 helmet
rElec   .          Harm     .   (no cloak)
rCorr   +          Rampage  .   (no gloves)
Will    .....                   (no boots)
Stlth   +.........              (no amulet)
HPRegen 0.10/turn               h - ring of resist corrosion
MPRegen 0.09/turn               (no ring)

@: heavily drained
A: demonic guardian 1
a: Renounce Religion, Upheaval


You were in a sewer.
You worshipped Qazlal.
Qazlal was pleased with you.
You visited 1 branch of the dungeon, and saw 3 of its levels.
You also visited: Sewer.

You collected 107 gold pieces.

Inventory:

Hand Weapons
 a - a +0 long sword
 f - a +0 short sword of electrocution (weapon)
Missiles
 d - 3 throwing nets (quivered)
 e - a javelin
Armour
 b - a +0 leather armour
 c - a +0 helmet (worn)
 m - a +0 ring mail (worn)
Jewellery
 h - a ring of resist corrosion (left hand)
Scrolls
 n - a scroll of fog {unknown}
Potions
 g - a potion of invisibility {unknown}
 i - a potion of curing {unknown}
 j - a potion of ambrosia {unknown}
 l - a potion of haste {unknown}


   Skills:
 + Level 2.8 Fighting
 + Level 0.4(2.0) Short Blades
 + Level 3.1 Long Blades
 + Level 1.8 Throwing
 + Level 1.2 Armour
 + Level 3.2 Dodging
 + Level 0.6 Stealth


You had 3 spell levels left.
You didn't know any spells.
Your spell library was empty.

Dungeon Overview and Level Annotations

Branches:
Dungeon (3/15)              Sewer (1/1)

Altars:
Qazlal

Shops:
D:1 ?


Innate Abilities, Weirdness & Mutations

A weak demonic guardian rushes to your aid.


Message History

Qazlal accepts your kill. The rat bites you. The rat bites you.
You see here a rat corpse.
You enter the shallow water.
Moving in this stuff is going to be slow.
The rat bites you. The rat bites you but does no damage.
You barely miss the rat. The rat barely misses you.
Your unstable footing causes you to fumble your attack.
The rat bites you.
A demonic guardian appears!
You hit the rat.
The rat is severely wounded.
The rat barely misses you.
Your unstable footing causes you to fumble your attack.
The rat bites you but does no damage.
Your ufetubus hits the rat.
The rat dies!
Qazlal accepts your kill.
You enter the shallow water.
Moving in this stuff is going to be slow.
You open the door.
A hell rat comes into view.
The hell rat roars deafeningly!
Found six items.
Found a gate leading back out of this place.
There is an open door here.
You closely miss the hell rat.
The hell rat splashes around in the water.
You hit the hell rat.
The hell rat is lightly wounded.
The hell rat splashes around in the water.
You closely miss the hell rat.
The hell rat is lightly wounded.
The hell rat barely misses you. The hell rat bites you!
You feel drained.
You hit the hell rat.
The hell rat is moderately wounded.
The hell rat bites you!
* * * LOW HITPOINT WARNING * * *
You feel drained.
You die...

###≈≈≈###
#.≈≈.≈.≈#
##≈.≈.≈≈.##
#≈..###≈.≈#
##.†##.##.†##
#≈≈≈#≈≈≈#≈≈≈#
#..##≈≈?##≈≈#
#.§#.≈≈?[#..#
#.5@r≈≈?∩#∩∩#
#.≈#≈≈≈??#≈.#
#≈.##≈≈!##.≈#
#.≈. .≈≈#≈≈≈#
##.≈ .##≈.##
#.≈. ##..≈#
##≈≈ .≈≈##
.≈≈.≈≈.


You could see a hell rat (ally target) and a friendly ufetubus (summoned).

Vanquished Creatures
  3 adders
  2 dart slugs (D:2)
  6 bats
  3 endoplasms
  2 giant cockroaches (D:1)
  3 goblins
  7 hobgoblins
  3 quokkas
  6 ball pythons
  A frilled lizard (D:1)
  4 kobolds (D:1)
  8 rats
48 creatures vanquished.

Vanquished Creatures (collateral kills)
  A rat (Sewer)
1 creature vanquished.

Grand Total: 49 creatures vanquished

Notes
Turn   | Place    | Note
-------+----------+-------------------------------------------
     0 | D:1      | ImHallYall the Demonspawn Gladiator began the quest for the
                  | Orb.
     0 | D:1      | Reached XP level 1. HP: 16/16 MP: 1/1
   109 | D:1      | Gained mutation: A weak demonic guardian rushes to your
                  | aid. [demonic ancestry]
   109 | D:1      | Reached XP level 2. HP: 22/22 MP: 2/2
   241 | D:1      | Found Rian's Magic Scroll Shop.
   425 | D:1      | Found a faded altar of an unknown god.
   441 | D:1      | Prayed at the altar of an unknown god.
   441 | D:1      | Became a worshipper of Qazlal Stormbringer
   441 | D:1      | Reached * piety under Qazlal
   870 | D:1      | Reached XP level 3. HP: 23/28 MP: 3/3
  1461 | D:2      | Reached ** piety under Qazlal
  1634 | D:2      | Reached skill level 1 in Armour
  1753 | D:3      | Reached XP level 4. HP: 30/34 MP: 4/4
  1766 | D:3      | Found a glowing drain.
  1779 | Sewer    | Entered a sewer
  2000 | Sewer    | Slain by a hell rat

Illustrated notes

Levels and vault maps discovered:
D:1:      erik_arrival_cave_to_civilisation [erik_arrival_cave_to_hall],
          layout_basic, ebering_ecumenical_altar_sacrificial, serial_shops,
          nicolae_shop_hallway_stairs
D:2:      layout_loops_ring
D:3:      layout_basic, portal_sewer_entry_d, uniq_terence
Sewer:    sewer_hellmonk_bad_rat

Skill      XL: |  1  2  3 |
---------------+----------+-----
Dodging        | 3 |  3.2
Long Blades    | 3 |  3.1
Armour         | 1 |  1.2
Fighting       | |  2.8
Short Blades   | |  0.4
Throwing       | |  1.8
Stealth        | |  0.6

Action                   |  1- 3 |  4- 6 || total
-------------------------+-------+-------++-------
Melee: Long sword        |    73 |       ||    73
       Short sword       |    58 |    16 ||    74
       Punch             |     2 |       ||     2
  Use: Potion            |     2 |       ||     2
       Scroll            |     2 |       ||     2
 Stab: Sleeping          |     1 |       ||     1
Armor: Leather armour    |    32 |       ||    32
       Ring mail         |     6 |     3 ||     9
Dodge: Dodged            |    97 |     9 ||   106
Block: Other             |     3 |     1 ||     4

Table legend: (Time is in decaauts)
 A = Elapsed time spent in this place.
 B = Non-inter-level travel time spent in this place.
 C = Inter-level travel time spent in this place.
 D = Time resting spent in this place.
 E = Time spent auto-exploring this place.
 F = Levels seen in this place.
 G = Mean time per level.
                   A        B        C        D        E       F      G
               +--------+--------+--------+--------+--------+-----+--------+
         Total |   2029 |   2006 |     23 |    300 |    910 |   4 |  507.2 |
       Dungeon |   1801 |   1778 |     23 |    118 |    910 |   3 |  600.3 |
         Sewer |    228 |    228 |      0 |    182 |      0 |   1 |  228.0 |
               +--------+--------+--------+--------+--------+-----+--------+

Top non-repeatable levels by time:
     D:1: 909 daAuts
     D:2: 831 daAuts
   Sewer: 228 daAuts
     D:3: 60 daAuts
